 Dungeon Crawl Stone Soup version 0.20-a0-641-g673355a (webtiles) character file.

37 Goblin1989 the Slasher (level 3, -5/29 HPs)
             Began as a Demonspawn Monk on Feb 13, 2017.
             Killed from afar by a white imp (12 damage)
             ... with a puff of frost
             ... summoned by Natasha
             ... on level 2 of the Dungeon.
             The game lasted 00:02:48 (1673 turns).

Goblin1989 the Slasher (Demonspawn Monk)            Turns: 1673, Time: 00:02:49

Health: -5/29      AC:  2    Str: 12    XL:     3   Next: 21%
Magic:  3/3        EV: 13    Int: 11    God:
Gold:   11         SH:  0    Dex: 15    Spells: 2/2 levels left

rFire    . . .     SeeInvis .   a - +0 falchion
rCold    . . .     Gourm    .   b - +0 robe
rNeg     . . .     Faith    .   (no shield)
rPois    .         Spirit   .   (no helmet)
rElec    .         Reflect  .   (no cloak)
rCorr    .         Harm     .   (no gloves)
MR       .....                  (no boots)
Stlth    ++........             (no amulet)
Regen    0.1/turn               (no ring)
MPRegen  0.1/turn               (no ring)

@: slowed, very slow
A: powered by pain 1
a: no special abilities


You were on level 2 of the Dungeon.
You were not hungry.

You visited 1 branch of the dungeon, and saw 2 of its levels.

You collected 11 gold pieces.

Inventory:

Hand Weapons
 a - a +0 falchion (weapon)
Missiles
 k - 32 stones (quivered)
Armour
 b - a +0 robe (worn)
 f - a +0 scale mail
 i - a +0 pair of gloves
Scrolls
 c - a scroll of remove curse {unknown}
 d - 2 scrolls of identify {unknown}
 g - a scroll of amnesia {unknown}
 h - 4 scrolls of enchant armour {unknown}
 m - a scroll of teleportation {unknown}
Potions
 j - a potion of curing {unknown}
Comestibles
 e - a bread ration {@e1}
 l - 2 chunks of flesh


   Skills:
 - Level 3.0 Fighting
 + Level 3.9 Long Blades
 - Level 2.6 Dodging
 - Level 1.7 Stealth


You had 2 spell levels left.
You didn't know any spells.

Dungeon Overview and Level Annotations

Branches:
Dungeon (2/15)

Altars:

Annotations:
D:2 Natasha


Innate Abilities, Weirdness & Mutations

You sometimes gain a little power by taking damage.


Message History

You start resting.
You feel sick. x6
You are no longer poisoned.
You take 4 damage, and have 6/29 hp.
You start resting.
You are feeling very hungry.
You regained 14 hp, and now have 20/29 hp.
You start resting.
HP restored.
Health restored: 29 You climb downwards.
The goblin hits you.
There is a stone staircase leading up here.
You take 3 damage, and have 26/29 hp.
Unknown command.
You hit the goblin.
You kill the goblin!
No target in view!
No target in view!
No target in view!
No target in view!
No target in view!
No target in view!
No target in view!
No target in view!
No target in view!
No target in view!
No target in view!
No target in view!
No target in view!
No target in view!
No target in view!
No target in view!
No target in view!
No target in view!
No target in view!
No target in view!
Unknown command.
k - 30 stones (gained 5)
You butcher the goblin corpse.
l - 3 chunks of flesh You see here a goblin skeleton. x2
Eating one of 3 chunks of flesh.
You eat one of the 3 chunks of flesh.
This raw flesh tastes terrible.
m - a scroll labeled VAVYBB VAIH
k - 31 stones (gained 1)
k - 32 stones (gained 1) Unknown command.
Marking area around Natasha as unsafe for travelling.
Natasha, Servant of Life and Death comes into view.
Natasha hisses angrily.
Natasha casts a spell at you. The magic dart hits you!
You take 8 damage, and have 20/29 hp.
O_OOPS!!
MASSIVE DAMAGE!!
Natasha casts a spell.
You miss Natasha. Natasha misses you.
You hit Natasha but do no damage. The white imp barely misses you.
Natasha barely misses you.
You hit Natasha.
Natasha is heavily wounded.
The white imp hits you but does no damage.
Natasha claws you.
You take 5 damage, and have 15/29 hp.
You are too injured to fight recklessly!
You are too injured to fight recklessly!
You are too injured to fight recklessly!
Unknown command.
You are too injured to fight recklessly!
You are too injured to fight recklessly!
You are too injured to fight recklessly!
You are too injured to fight recklessly!
You are too injured to fight recklessly!
You are too injured to fight recklessly!
You are too injured to fight recklessly!
You are too injured to fight recklessly!
Sorry, you're not good enough to have a special ability.
Sorry, you're not good enough to have a special ability.
Unknown command.
Sorry, you're not good enough to have a special ability.
Sorry, you're not good enough to have a special ability.
Sorry, you're not good enough to have a special ability.
You closely miss Natasha.
Natasha is heavily wounded.
The white imp barely misses you.
You riposte.
You hit the white imp but do no damage.
Natasha howls an incantation.
Natasha's front paws start to glow.
Natasha barely misses you.
You closely miss Natasha.
Natasha is heavily wounded.
The white imp gestures at you. The puff of frost hits you!
* * * LOW HITPOINT WARNING * * *
Natasha stares at you and mumbles some strange words.
You feel yourself slow down.
You take 9 damage, and have 6/29 hp.
O_OOPS!!
MASSIVE DAMAGE!!
You hit Natasha.
Natasha is severely wounded.
The white imp gestures at you. The puff of frost hits you!
You die...

...................█
██....█.██████.███..█
███.....█████.█ ..
█...█.......█ .
█.█.██████..████ █...
█$....█ ███.
█████.██..█ █.
█.....█ .█ ██ █....@█
. █......h5█
███........
█(.........
█.......████
██████.██ .█ ..


You could see Natasha and a white imp.

Vanquished Creatures
  2 adders (D:1)
  A dart slug (D:1)
  A bat (D:1)
  2 goblins
  A hobgoblin (D:1)
  5 kobolds
  2 frilled lizards (D:1)
  3 rats
17 creatures vanquished.

Notes
Turn   | Place    | Note
-------+----------+-------------------------------------------
     0 | D:1      | Goblin1989 the Demonspawn Monk began the quest for the Orb.
     0 | D:1      | Reached XP level 1. HP: 18/18 MP: 1/1
   562 | D:2      | Gained mutation: You sometimes gain a little power by taking damage. [demonic ancestry]
   562 | D:2      | Reached XP level 2. HP: 6/24 MP: 2/2
  1361 | D:1      | Reached XP level 3. HP: 19/29 MP: 3/3
  1663 | D:2      | Noticed Natasha
  1673 | D:2      | Killed from afar by a white imp

Vault maps used:
D:1:      lightli_arrival_farm
D:2:      lemuel_doored_altar, nicolae_overflow_hidden_temple,
          grunt_gozag_breadcrumbs, uniq_natasha

Skill      XL: |  1 |
---------------+----+-----
Long Blades    | 3 |  3.9
Fighting       | |  3.0
Dodging        | |  2.6
Stealth        | |  1.7

Action                   || total
-------------------------++-------
Melee: Falchion          ||    57
Throw: Stone             ||     3
 Stab: Sleeping          ||     2
  Eat: Chunk             ||     2
Armor: Robe              ||     8
Dodge: Dodged            ||    45
       Rpst.: Falchion   ||    17

Vault maps used:
D:1:      lightli_arrival_farm
D:2:      lemuel_doored_altar, nicolae_overflow_hidden_temple,
          grunt_gozag_breadcrumbs, uniq_natasha
